Coyotes vs Devils
Created - 10 mars 2014 at 19:08
Goals
|
| Coyotes |
1 |
2 |
1 |
4 |
| Devils |
0 |
1 |
0 |
1 |
|
Shots
|
| Coyotes |
8 |
4 |
12 |
24 |
| Devils |
7 |
10 |
4 |
21 |
|
1st period
1. Coyotes , Marian Gaborik 42 (Tim Connolly) at 9:19
Penalties :
No Penalty
2nd period
2. Coyotes , Tim Connolly 27 (Marian Gaborik) at 0:12
3. Devils , Jason Williams 4 (Lee Stempniak, Chris Mcallister) at 13:15
4. Coyotes , Anton Stralman 2 (Sergei Samsonov) at 19:51
Penalties :
Denis Grebeshkov (Pho) for High sticking (Minor) at 1:30, Lee Stempniak (NJD) for Tripping (Minor) at 7:14, Denis Grebeshkov (Pho) for Holding (Minor) at 11:02, Chad Larose (Pho) for Cross-checking (Minor) at 17:33
3rd period
5. Coyotes , Marian Gaborik 43 (Brenden Morrow, Tim Connolly) at 9:07
Penalties :
Doug Weight (NJD) for Boarding (Minor) at 5:22, Chad Larose (Pho) for Roughing (Minor) at 9:40, Bill Guerin (Pho) for Hooking (Minor) at 13:53
Goalie Stats
Peter Budaj (Pho), 20 saves from 21 shots - (0,952), W, 1-0-0, 60:00 minutes
Antti Niemi (NJD), 15 saves from 19 shots - (0,789), L, 21-21-2, 49:07 minutes
Dan Ellis (NJD), 5 saves from 5 shots - (1,000), 10:53 minutes
Players Stats for Coyotes
Player Name G A P +/- PIM S H SB GA TA FO MP PP MP PK MP
------------------------------------------------------------------------------------
Anton Stralman 1 0 1 2 0 2 2 0 0 2 0/0 13:52 0:00 2:23
Bill Guerin 0 0 0 0 2 2 0 1 0 0 0/0 12:04 0:49 0:00
Brenden Morrow 0 1 1 3 0 1 2 0 0 1 0/0 21:39 1:59 4:51
Chad Larose 0 0 0 0 4 1 2 0 2 0 0/0 14:31 1:10 0:00
Craig Adams 0 0 0 0 0 1 0 0 1 0 0/0 9:08 0:19 2:05
Denis Grebeshkov 0 0 0 1 4 1 3 0 0 0 0/0 24:37 1:48 3:42
Drew Miller 0 0 0 0 0 0 0 0 1 0 0/0 16:32 1:00 2:09
Frans Nielsen 0 0 0 0 0 3 4 0 1 1 4/11 17:35 1:10 3:00
Jiri Fischer 0 0 0 0 0 0 1 0 0 1 0/0 21:32 2:10 3:50
Joël Perrault 0 0 0 0 0 0 1 0 0 0 1/1 6:47 0:13 0:00
Kurt Sauer 0 0 0 1 0 2 3 0 0 1 0/0 26:54 1:48 6:05
Lukas Krajicek 0 0 0 2 0 1 0 0 0 1 0/0 11:52 0:00 0:16
Marian Gaborik 2 1 3 3 0 5 3 1 2 0 2/5 21:34 1:59 4:53
Maxim Lapierre 0 0 0 0 0 0 1 0 0 0 0/5 11:25 0:00 0:00
Riley Cote 0 0 0 0 0 0 2 0 0 0 0/0 7:04 0:39 0:00
Sami Lepisto 0 0 0 0 0 0 0 0 0 0 0/0 21:14 2:10 3:34
Sergei Samsonov 0 1 1 0 0 1 1 1 0 0 0/0 12:05 0:37 0:00
Tim Connolly 1 2 3 3 0 4 2 0 1 0 14/24 19:35 1:59 2:52
Players Stats for Devils
Player Name G A P +/- PIM S H SB GA TA FO MP PP MP PK MP
------------------------------------------------------------------------------------
Andrei Markov 0 0 0 -1 0 2 0 1 0 0 0/0 24:17 5:32 1:32
Ben Lovejoy 0 0 0 -3 0 0 1 0 0 1 0/0 19:57 5:07 0:00
Brian Rafalski 0 0 0 1 0 0 0 1 0 1 0/0 17:54 4:39 0:00
Chris Mcallister 0 1 1 0 0 0 2 0 0 0 0/0 10:33 0:00 1:35
Doug Weight 0 0 0 0 2 2 4 0 0 0 5/8 11:10 0:00 0:57
Guillaume Latendresse 0 0 0 -3 0 0 1 1 2 2 0/0 19:11 5:05 0:21
Jason Williams 1 0 1 0 0 1 0 0 0 0 1/4 10:55 0:00 1:37
Jeff Schultz 0 0 0 -1 0 0 0 1 0 1 0/0 15:56 0:15 1:32
Jonas Hoglund 0 0 0 -3 0 1 3 0 0 0 1/1 16:05 0:00 2:02
Kurtis Foster 0 0 0 -1 0 1 3 0 0 0 0/0 22:04 4:17 2:26
Ladislav Nagy 0 0 0 0 0 5 1 0 0 0 0/0 10:13 0:00 0:00
Lee Stempniak 0 1 1 0 2 0 0 0 0 0 0/1 10:07 0:00 0:49
Mike Komisarek 0 0 0 -1 0 1 1 1 1 1 0/0 19:52 0:00 2:26
Patrick Eaves 0 0 0 0 0 2 1 1 1 1 1/1 17:40 4:50 0:00
Phil Kessel 0 0 0 0 0 2 1 0 0 0 1/1 15:21 5:05 0:00
Saku Koivu 0 0 0 0 0 3 1 0 0 0 7/8 18:00 4:50 0:20
Stephen Weiss 0 0 0 -3 0 1 3 1 2 1 9/22 19:05 5:05 0:15
Tomas Holmstrom 0 0 0 0 0 0 2 0 1 0 0/0 17:40 4:50 0:00
3 Stars
1 - Marian Gaborik (Pho)
2 - Tim Connolly (Pho)
3 - Anton Stralman (Pho)
Power Play
Coyotes - 0 on 2 Attempt(s) - 0,00%
Devils - 0 on 5 Attempt(s) - 0,00%
Penalty Kill
Coyotes - 5 on 5 Attempt(s) - 100,00%
- Score 0 goal in Penalty Kill
Devils - 2 on 2 Attempt(s) - 100,00%
- Score 0 goal in Penalty Kill
Official
Referees : Leggo Mike and O'Rourke Dan
Linesman : Brian Murphy and Pierre Racicot
Game Notes
Dan Ellis enters game at 9:07 of 3rd period
Finance
Level 1 -- Attendance: 5769 (96,15%) -- Ticket Income 490 365 $
Level 2 -- Attendance: 4715 (94,30%) -- Ticket Income 245 180 $
Level 3 -- Attendance: 1909 (95,45%) -- Ticket Income 53 452 $
Level 4 -- Attendance: 3013 (75,33%) -- Ticket Income 60 260 $
Luxury Box -- Attendance: 962 (96,20%) -- Ticket Income 163 540 $
Game was played at the The prudential Center
Total Attendance: 16368 (90,93%)
Total Ticket Income: 1 012 797 $
Other Income: 151 920 $
Total Income: 1 164 717 $
Coyotes
5 vs 5 Forward
Center Left Wing Right Wing Time % Phy DF OF
1 Tim Connolly Brenden Morrow Marian Gaborik 40 1 2 2
2 Frans Nielsen Drew Miller Chad Larose 30 1 2 2
3 Maxim Lapierre Sergei Samsonov Bill Guerin 20 1 2 2
4 Joël Perrault Riley Cote Craig Adams 10 1 2 2
5 vs 5 Defense
Defense Defense Time % Phy DF OF
1 Kurt Sauer Denis Grebeshkov 40 1 2 2
2 Jiri Fischer Sami Lepisto 30 1 2 2
3 Lukas Krajicek Anton Stralman 20 1 2 2
4 Kurt Sauer Denis Grebeshkov 10 1 2 2
PowerPlay Forward
Center Left Wing Right Wing Time % Phy DF OF
1 Tim Connolly Brenden Morrow Marian Gaborik 60 1 2 2
2 Frans Nielsen Drew Miller Chad Larose 40 1 2 2
PowerPlay Defense
Defense Defense Time % Phy DF OF
1 Kurt Sauer Denis Grebeshkov 60 1 2 2
2 Jiri Fischer Sami Lepisto 40 1 2 2
Penalty Kill 4 Players Forward
Center Wing Time % Phy DF OF
1 Marian Gaborik Brenden Morrow 60 1 2 2
2 Tim Connolly Frans Nielsen 40 1 2 2
Penalty Kill 4 Players Defense
Defense Defense Time % Phy DF OF
1 Kurt Sauer Denis Grebeshkov 60 1 2 2
2 Jiri Fischer Sami Lepisto 40 1 2 2
Penalty Kill - 3 Players Forward
Forward Time % Phy DF OF
1 Marian Gaborik 60 1 2 2
2 Brenden Morrow 40 1 2 2
Penalty Kill - 3 Players Defense
Defense Defense Time % Phy DF OF
1 Kurt Sauer Denis Grebeshkov 60 1 2 2
2 Jiri Fischer Sami Lepisto 40 1 2 2
4 vs 4 Forward
Center Wing Time % Phy DF OF
1 Marian Gaborik Brenden Morrow 60 1 2 2
2 Tim Connolly Frans Nielsen 40 1 2 2
4 vs 4 Defense
Defense Defense Time % Phy DF OF
1 Kurt Sauer Denis Grebeshkov 60 1 2 2
2 Jiri Fischer Sami Lepisto 40 1 2 2
Last Minutes Offensive
Center Left Wing Right Wing Defense Defense
Tim Connolly Brenden Morrow Marian Gaborik Kurt Sauer Denis Grebeshkov
Last Minutes Defensive
Center Left Wing Right Wing Defense Defense
Tim Connolly Brenden Morrow Marian Gaborik Kurt Sauer Denis Grebeshkov
Goaltenders
Starting : Peter Budaj
Backup : Ryan Miller
Extra Forwards
Normal : Sergei Samsonov, Bill Guerin, Craig Adams - PP : Sergei Samsonov, Bill Guerin - PK : Craig Adams
Extra Defensemen
Normal : Lukas Krajicek, Anton Stralman, Jiri Fischer - PP : Lukas Krajicek - PK : Anton Stralman, Jiri Fischer
Penalty Shots
Marian Gaborik, Brenden Morrow, Tim Connolly, Frans Nielsen, Drew Miller
Devils
5 vs 5 Forward
Center Left Wing Right Wing Time % Phy DF OF
1 Stephen Weiss Guillaume Latendresse Jonas Hoglund 40 0 2 3
2 Saku Koivu Tomas Holmstrom Patrick Eaves 30 0 2 3
3 Doug Weight Ladislav Nagy Phil Kessel 20 0 2 3
4 Jason Williams Chris Mcallister Lee Stempniak 10 1 2 2
5 vs 5 Defense
Defense Defense Time % Phy DF OF
1 Andrei Markov Mike Komisarek 40 0 2 3
2 Kurtis Foster Ben Lovejoy 30 0 2 3
3 Jeff Schultz Brian Rafalski 20 0 2 3
4 Jeff Schultz Brian Rafalski 10 0 3 2
PowerPlay Forward
Center Left Wing Right Wing Time % Phy DF OF
1 Stephen Weiss Guillaume Latendresse Phil Kessel 60 0 2 3
2 Saku Koivu Tomas Holmstrom Patrick Eaves 40 0 2 3
PowerPlay Defense
Defense Defense Time % Phy DF OF
1 Andrei Markov Ben Lovejoy 60 1 2 2
2 Kurtis Foster Brian Rafalski 40 1 2 2
Penalty Kill 4 Players Forward
Center Wing Time % Phy DF OF
1 Doug Weight Jonas Hoglund 60 0 4 1
2 Jason Williams Lee Stempniak 40 0 4 1
Penalty Kill 4 Players Defense
Defense Defense Time % Phy DF OF
1 Kurtis Foster Mike Komisarek 60 0 4 1
2 Jeff Schultz Andrei Markov 40 0 4 1
Penalty Kill - 3 Players Forward
Forward Time % Phy DF OF
1 Doug Weight 60 0 4 1
2 Stephen Weiss 40 0 4 1
Penalty Kill - 3 Players Defense
Defense Defense Time % Phy DF OF
1 Kurtis Foster Mike Komisarek 60 1 3 1
2 Jeff Schultz Andrei Markov 40 1 3 1
4 vs 4 Forward
Center Wing Time % Phy DF OF
1 Saku Koivu Guillaume Latendresse 60 0 2 3
2 Stephen Weiss Jonas Hoglund 40 0 2 3
4 vs 4 Defense
Defense Defense Time % Phy DF OF
1 Kurtis Foster Jeff Schultz 60 0 2 3
2 Andrei Markov Mike Komisarek 40 0 2 3
Last Minutes Offensive
Center Left Wing Right Wing Defense Defense
Stephen Weiss Guillaume Latendresse Jonas Hoglund Kurtis Foster Andrei Markov
Last Minutes Defensive
Center Left Wing Right Wing Defense Defense
Doug Weight Guillaume Latendresse Jonas Hoglund Mike Komisarek Jeff Schultz
Goaltenders
Starting : Antti Niemi
Backup : Dan Ellis
Extra Forwards
Normal : Lee Stempniak, Phil Kessel, Patrick Eaves - PP : Lee Stempniak, Patrick Eaves - PK : Lee Stempniak
Extra Defensemen
Normal : Ben Lovejoy, Jeff Schultz, Kurtis Foster - PP : Ben Lovejoy - PK : Kurtis Foster, Andrei Markov
Penalty Shots
Stephen Weiss, Guillaume Latendresse, Doug Weight, Ladislav Nagy, Tomas Holmstrom
% Time on Ice - Coyotes
Lines # - Real PCT - Wanted PCT - Time Play
Normal Forward
1 - 32% - 40% - 14:45
2 - 29% - 30% - 13:23
3 - 25% - 20% - 11:25
4 - 14% - 10% - 6:34
Normal Defense
1 - 38% - 40% - 17:32
2 - 34% - 30% - 15:30
3 - 25% - 20% - 11:29
4 - 3% - 10% - 1:36
PP Forward
1 - 63% - 60% - 2:31
2 - 37% - 40% - 1:27
PP Defense
1 - 45% - 60% - 1:48
2 - 55% - 40% - 2:10
PK Forward
1 - 71% - 60% - 7:03
2 - 29% - 40% - 2:52
PK Defense
1 - 64% - 60% - 6:21
2 - 36% - 40% - 3:34
PK3 Forward
1 - 0% - 60%
2 - 0% - 40%
PK3 Defense
1 - 0% - 60%
2 - 0% - 40%
44 Forward
1 - 0% - 60%
2 - 0% - 40%
44 Defense
1 - 0% - 60%
2 - 0% - 40%
Last Minute Offensive - 0:00
Last Minute Defensive - 0:00
Total
Forward - 60:00
Defense - 60:00
|
% Time on Ice - Devils
Lines # - Real PCT - Wanted PCT - Time Play
Normal Forward
1 - 31% - 40% - 14:06
2 - 28% - 30% - 12:50
3 - 22% - 20% - 10:13
4 - 19% - 10% - 8:58
Normal Defense
1 - 40% - 40% - 18:30
2 - 33% - 30% - 15:21
3 - 19% - 20% - 8:58
4 - 7% - 10% - 3:18
PP Forward
1 - 51% - 60% - 5:05
2 - 49% - 40% - 4:50
PP Defense
1 - 58% - 60% - 5:47
2 - 42% - 40% - 4:08
PK Forward
1 - 95% - 60% - 3:46
2 - 5% - 40% - 0:12
PK Defense
1 - 61% - 60% - 2:26
2 - 39% - 40% - 1:32
PK3 Forward
1 - 0% - 60%
2 - 0% - 40%
PK3 Defense
1 - 0% - 60%
2 - 0% - 40%
44 Forward
1 - 0% - 60%
2 - 0% - 40%
44 Defense
1 - 0% - 60%
2 - 0% - 40%
Last Minute Offensive - 0:00
Last Minute Defensive - 0:00
Total
Forward - 60:00
Defense - 60:00
|
Play by Play
1st period
0:01 of 1st period - Tim Connolly wins face-off versus Stephen Weiss in neutral zone.
0:06 of 1st period - Mike Komisarek is hit by Marian Gaborik and loses puck.
0:45 of 1st period - Off-side.
0:46 of 1st period - Doug Weight wins face-off versus Maxim Lapierre in neutral zone.
0:57 of 1st period - Snap shot by Ladislav Nagy.
0:57 of 1st period - Shot Blocked by Sergei Samsonov.
1:16 of 1st period - Wrist shot by Kurtis Foster.
1:16 of 1st period - Stopped by Peter Budaj with a rebound.
1:34 of 1st period - Kurtis Foster is hit by Riley Cote and loses puck.
2:19 of 1st period - Wrist shot by Sergei Samsonov.
2:19 of 1st period - Shot Misses the Net.
2:29 of 1st period - Brenden Morrow is hit by Jonas Hoglund and loses puck.
3:31 of 1st period - Marian Gaborik is hit by Doug Weight and loses puck.
4:46 of 1st period - Sami Lepisto is hit by Kurtis Foster.
5:40 of 1st period - Lukas Krajicek is hit by Chris Mcallister and loses puck.
6:07 of 1st period - Lukas Krajicek is hit by Patrick Eaves and loses puck.
6:22 of 1st period - Wrist shot by Stephen Weiss.
6:22 of 1st period - Stopped by Peter Budaj with a rebound.
6:44 of 1st period - Snap shot by Sergei Samsonov.
6:44 of 1st period - Shot Misses the Net.
6:46 of 1st period - Slapshot by Sergei Samsonov.
6:46 of 1st period - Stopped by Antti Niemi with a rebound.
7:21 of 1st period - Saku Koivu is hit by Marian Gaborik.
7:50 of 1st period - Drew Miller is hit by Jonas Hoglund and loses puck.
8:06 of 1st period - Drew Miller is hit by Doug Weight.
8:10 of 1st period - Brian Rafalski is hit by Frans Nielsen and loses puck.
8:15 of 1st period - Slapshot by Frans Nielsen.
8:15 of 1st period - Shot Misses the Net.
8:35 of 1st period - Brian Rafalski is hit by Tim Connolly and loses puck.
8:48 of 1st period - Jeff Schultz is hit by Denis Grebeshkov and loses puck.
9:15 of 1st period - Slapshot by Denis Grebeshkov.
9:15 of 1st period - Stopped by Antti Niemi with a rebound.
9:17 of 1st period - Wrist shot by Riley Cote.
9:17 of 1st period - Deflect By Craig Adams.
9:17 of 1st period - Shot Misses the Net.
9:17 of 1st period - Puck is out of play.
9:18 of 1st period - Tim Connolly wins face-off versus Stephen Weiss in Devils zone.
9:19 of 1st period - Wrist shot by Marian Gaborik.
9:19 of 1st period - Goal by Marian Gaborik - Coyotes : 1 - Devils : 0.
9:20 of 1st period - Stephen Weiss wins face-off versus Tim Connolly in neutral zone.
9:35 of 1st period - Slapshot by Brenden Morrow.
9:35 of 1st period - Stopped by Antti Niemi without a rebound.
9:36 of 1st period - Frans Nielsen wins face-off versus Saku Koivu in Devils zone.
10:02 of 1st period - Kurt Sauer is hit by Stephen Weiss and loses puck.
10:27 of 1st period - Slapshot by Lukas Krajicek.
10:27 of 1st period - Stopped by Antti Niemi with a rebound.
10:51 of 1st period - Snap shot by Bill Guerin.
10:51 of 1st period - Stopped by Antti Niemi with a rebound.
11:36 of 1st period - Off-side.
11:37 of 1st period - Tim Connolly wins face-off versus Stephen Weiss in neutral zone.
11:46 of 1st period - Snap shot by Marian Gaborik.
11:46 of 1st period - Shot Misses the Net.
12:06 of 1st period - Snap shot by Phil Kessel.
12:06 of 1st period - Stopped by Peter Budaj without a rebound.
12:07 of 1st period - Doug Weight wins face-off versus Frans Nielsen in Coyotes zone.
12:12 of 1st period - Wrist shot by Doug Weight.
12:12 of 1st period - Stopped by Peter Budaj with a rebound.
12:53 of 1st period - Off-side.
12:54 of 1st period - Tim Connolly wins face-off versus Stephen Weiss in neutral zone.
13:01 of 1st period - Slapshot by Mike Komisarek.
13:01 of 1st period - Deflect By Brenden Morrow.
13:01 of 1st period - Stopped by Peter Budaj with a rebound.
13:21 of 1st period - Sami Lepisto is hit by Tomas Holmstrom and loses puck.
14:44 of 1st period - Snap shot by Drew Miller.
14:44 of 1st period - Shot Misses the Net.
14:50 of 1st period - Wrist shot by Patrick Eaves.
14:50 of 1st period - Stopped by Peter Budaj without a rebound.
14:51 of 1st period - Stephen Weiss wins face-off versus Tim Connolly in Coyotes zone.
15:06 of 1st period - Snap shot by Tim Connolly.
15:06 of 1st period - Deflect By Marian Gaborik.
15:06 of 1st period - Stopped by Antti Niemi with a rebound.
15:37 of 1st period - Snap shot by Ladislav Nagy.
15:37 of 1st period - Stopped by Peter Budaj with a rebound.
17:17 of 1st period - Jeff Schultz is hit by Brenden Morrow and loses puck.
17:26 of 1st period - Slapshot by Brian Rafalski.
17:26 of 1st period - Shot Misses the Net.
17:42 of 1st period - Snap shot by Craig Adams.
17:42 of 1st period - Shot Blocked by Jeff Schultz.
18:05 of 1st period - Snap shot by Craig Adams.
18:05 of 1st period - Stopped by Antti Niemi with a rebound.
18:24 of 1st period - Chad Larose is hit by Ladislav Nagy and loses puck.
18:56 of 1st period - Sami Lepisto is hit by Stephen Weiss and loses puck.
19:48 of 1st period - Stephen Weiss is hit by Marian Gaborik and loses puck.
19:59 of 1st period - Snap shot by Tim Connolly.
19:59 of 1st period - Shot Misses the Net.
Goals for this period are 1 for Coyotes vs 0 for Devils.
Shots for this period are 8 for Coyotes vs 7 for Devils.
2nd period
0:01 of 2nd period - Tim Connolly wins face-off versus Stephen Weiss in neutral zone.
0:10 of 2nd period - Wrist shot by Tim Connolly.
0:10 of 2nd period - Stopped by Antti Niemi with a rebound.
0:12 of 2nd period - Snap shot by Tim Connolly.
0:12 of 2nd period - Goal by Tim Connolly - Coyotes : 2 - Devils : 0.
0:13 of 2nd period - Frans Nielsen wins face-off versus Stephen Weiss in neutral zone.
0:44 of 2nd period - Snap shot by Ladislav Nagy.
0:44 of 2nd period - Stopped by Peter Budaj without a rebound.
0:45 of 2nd period - Tim Connolly wins face-off versus Doug Weight in Coyotes zone.
1:02 of 2nd period - Snap shot by Ladislav Nagy.
1:02 of 2nd period - Stopped by Peter Budaj with a rebound.
1:10 of 2nd period - Slapshot by Doug Weight.
1:10 of 2nd period - Shot Misses the Net.
1:12 of 2nd period - Wrist shot by Phil Kessel.
1:12 of 2nd period - Stopped by Peter Budaj without a rebound.
1:13 of 2nd period - Saku Koivu wins face-off versus Frans Nielsen in Coyotes zone.
1:30 of 2nd period - Minor Penalty to Denis Grebeshkov for High sticking.
1:31 of 2nd period - Stephen Weiss wins face-off versus Marian Gaborik in Coyotes zone.
2:05 of 2nd period - Snap shot by Patrick Eaves.
2:05 of 2nd period - Shot Blocked by Marian Gaborik.
2:07 of 2nd period - Backhand shot by Andrei Markov.
2:07 of 2nd period - Stopped by Peter Budaj with a rebound.
3:30 of 2nd period - Penalty to Denis Grebeshkov is over, Denis Grebeshkov is back on ice.
3:45 of 2nd period - Saku Koivu is hit by Denis Grebeshkov.
4:01 of 2nd period - Mike Komisarek is hit by Frans Nielsen and loses puck.
4:28 of 2nd period - Drew Miller is hit by Kurtis Foster and loses puck.
4:37 of 2nd period - Jeff Schultz is hit by Anton Stralman and loses puck.
5:01 of 2nd period - Chad Larose is hit by Saku Koivu and loses puck.
5:10 of 2nd period - Ben Lovejoy is hit by Kurt Sauer and loses puck.
5:39 of 2nd period - Saku Koivu is hit by Frans Nielsen and loses puck.
6:10 of 2nd period - Wrist shot by Saku Koivu.
6:10 of 2nd period - Stopped by Peter Budaj with a rebound.
6:12 of 2nd period - Snap shot by Saku Koivu.
6:12 of 2nd period - Stopped by Peter Budaj without a rebound.
6:13 of 2nd period - Tim Connolly wins face-off versus Stephen Weiss in Coyotes zone.
6:13 of 2nd period - Tim Connolly is hit by Guillaume Latendresse.
6:23 of 2nd period - Slapshot by Brenden Morrow.
6:23 of 2nd period - Shot Blocked by Stephen Weiss.
6:45 of 2nd period - Snap shot by Ladislav Nagy.
6:45 of 2nd period - Shot Misses the Net.
6:47 of 2nd period - Wrist shot by Ladislav Nagy.
6:47 of 2nd period - Shot Blocked by Bill Guerin.
6:49 of 2nd period - Slapshot by Andrei Markov.
6:49 of 2nd period - Stopped by Peter Budaj with a rebound.
7:14 of 2nd period - Minor Penalty to Lee Stempniak for Tripping.
7:15 of 2nd period - Tim Connolly wins face-off versus Doug Weight in Devils zone.
8:13 of 2nd period - Andrei Markov is hit by Sergei Samsonov and loses puck.
8:57 of 2nd period - Sergei Samsonov is hit by Kurtis Foster.
9:01 of 2nd period - Stephen Weiss is hit by Kurt Sauer.
9:14 of 2nd period - Penalty to Lee Stempniak is over, Lee Stempniak is back on ice.
9:51 of 2nd period - Ladislav Nagy is hit by Maxim Lapierre.
10:00 of 2nd period - Icing by Ben Lovejoy.
10:01 of 2nd period - Doug Weight wins face-off versus Tim Connolly in Devils zone.
10:35 of 2nd period - Slapshot by Jiri Fischer.
10:35 of 2nd period - Deflect By Sergei Samsonov.
10:35 of 2nd period - Shot Blocked by Brian Rafalski.
10:35 of 2nd period - Puck is out of play.
10:36 of 2nd period - Stephen Weiss wins face-off versus Maxim Lapierre in Devils zone.
10:59 of 2nd period - Wrist shot by Doug Weight.
10:59 of 2nd period - Stopped by Peter Budaj without a rebound.
11:00 of 2nd period - Tim Connolly wins face-off versus Jason Williams in Coyotes zone.
11:02 of 2nd period - Minor Penalty to Denis Grebeshkov for Holding.
11:03 of 2nd period - Marian Gaborik wins face-off versus Stephen Weiss in Coyotes zone.
12:14 of 2nd period - Ben Lovejoy is hit by Anton Stralman.
13:02 of 2nd period - Penalty to Denis Grebeshkov is over, Denis Grebeshkov is back on ice.
13:13 of 2nd period - Wrist shot by Lee Stempniak.
13:13 of 2nd period - Shot Misses the Net.
13:15 of 2nd period - Slapshot by Jason Williams.
13:15 of 2nd period - Goal by Jason Williams - Coyotes : 2 - Devils : 1.
13:16 of 2nd period - Saku Koivu wins face-off versus Tim Connolly in neutral zone.
13:25 of 2nd period - Mike Komisarek is hit by Tim Connolly and loses puck.
14:01 of 2nd period - Jiri Fischer is hit by Doug Weight.
14:55 of 2nd period - Snap shot by Jiri Fischer.
14:55 of 2nd period - Shot Blocked by Mike Komisarek.
14:59 of 2nd period - Wrist shot by Marian Gaborik.
14:59 of 2nd period - Stopped by Antti Niemi with a rebound.
15:19 of 2nd period - Off-side.
15:20 of 2nd period - Stephen Weiss wins face-off versus Frans Nielsen in neutral zone.
15:25 of 2nd period - Slapshot by Jonas Hoglund.
15:25 of 2nd period - Shot Misses the Net.
15:56 of 2nd period - Snap shot by Patrick Eaves.
15:56 of 2nd period - Stopped by Peter Budaj without a rebound.
15:57 of 2nd period - Jonas Hoglund wins face-off versus Frans Nielsen in Coyotes zone.
17:06 of 2nd period - Joël Perrault is hit by Stephen Weiss and loses puck.
17:13 of 2nd period - Kurtis Foster is hit by Joël Perrault and loses puck.
17:33 of 2nd period - Minor Penalty to Chad Larose for Cross-checking.
17:34 of 2nd period - Marian Gaborik wins face-off versus Stephen Weiss in Coyotes zone.
19:33 of 2nd period - Penalty to Chad Larose is over, Chad Larose is back on ice.
19:45 of 2nd period - Sergei Samsonov is hit by Ben Lovejoy.
19:51 of 2nd period - Slapshot by Anton Stralman.
19:51 of 2nd period - Goal by Anton Stralman - Coyotes : 3 - Devils : 1.
19:52 of 2nd period - Stephen Weiss wins face-off versus Tim Connolly in neutral zone.
Goals for this period are 2 for Coyotes vs 1 for Devils.
Shots for this period are 4 for Coyotes vs 10 for Devils.
3rd period
0:01 of 3rd period - Tim Connolly wins face-off versus Stephen Weiss in neutral zone.
0:10 of 3rd period - Wrist shot by Marian Gaborik.
0:10 of 3rd period - Shot Blocked by Guillaume Latendresse.
0:12 of 3rd period - Snap shot by Kurt Sauer.
0:12 of 3rd period - Deflect By Mike Komisarek.
0:12 of 3rd period - Stopped by Antti Niemi with a rebound.
0:28 of 3rd period - Slapshot by Kurt Sauer.
0:28 of 3rd period - Stopped by Antti Niemi without a rebound.
0:29 of 3rd period - Saku Koivu wins face-off versus Frans Nielsen in Devils zone.
0:44 of 3rd period - Snap shot by Saku Koivu.
0:44 of 3rd period - Stopped by Peter Budaj with a rebound.
1:02 of 3rd period - Jonas Hoglund is hit by Jiri Fischer and loses puck.
1:30 of 3rd period - Icing by Kurtis Foster.
1:31 of 3rd period - Joël Perrault wins face-off versus Doug Weight in Devils zone.
2:06 of 3rd period - Snap shot by Chad Larose.
2:06 of 3rd period - Stopped by Antti Niemi with a rebound.
2:16 of 3rd period - Slapshot by Sergei Samsonov.
2:16 of 3rd period - Deflect By Bill Guerin.
2:16 of 3rd period - Shot Misses the Net.
2:16 of 3rd period - Puck is out of play.
2:17 of 3rd period - Saku Koivu wins face-off versus Maxim Lapierre in Devils zone.
2:21 of 3rd period - Off-side.
2:22 of 3rd period - Tim Connolly wins face-off versus Stephen Weiss in neutral zone.
2:47 of 3rd period - Patrick Eaves is hit by Chad Larose and loses puck.
3:03 of 3rd period - Icing by Denis Grebeshkov.
3:04 of 3rd period - Doug Weight wins face-off versus Maxim Lapierre in Coyotes zone.
3:13 of 3rd period - Snap shot by Ladislav Nagy.
3:13 of 3rd period - Stopped by Peter Budaj without a rebound.
3:14 of 3rd period - Stephen Weiss wins face-off versus Tim Connolly in Coyotes zone.
3:45 of 3rd period - Snap shot by Frans Nielsen.
3:45 of 3rd period - Shot Misses the Net.
3:59 of 3rd period - Maxim Lapierre is hit by Doug Weight and loses puck.
4:28 of 3rd period - Wrist shot by Tim Connolly.
4:28 of 3rd period - Stopped by Antti Niemi with a rebound.
4:42 of 3rd period - Lukas Krajicek is hit by Jonas Hoglund and loses puck.
4:53 of 3rd period - Slapshot by Jonas Hoglund.
4:53 of 3rd period - Stopped by Peter Budaj without a rebound.
4:54 of 3rd period - Saku Koivu wins face-off versus Tim Connolly in Coyotes zone.
5:22 of 3rd period - Minor Penalty to Doug Weight for Boarding.
5:23 of 3rd period - Tim Connolly wins face-off versus Lee Stempniak in Devils zone.
5:48 of 3rd period - Jason Williams is hit by Chad Larose and loses puck.
6:52 of 3rd period - Kurt Sauer is hit by Chris Mcallister and loses puck.
6:59 of 3rd period - Tim Connolly is hit by Mike Komisarek and loses puck.
7:22 of 3rd period - Penalty to Doug Weight is over, Doug Weight is back on ice.
7:28 of 3rd period - Snap shot by Doug Weight.
7:28 of 3rd period - Deflect By Ladislav Nagy.
7:28 of 3rd period - Shot Misses the Net.
7:28 of 3rd period - Puck is out of play.
7:29 of 3rd period - Doug Weight wins face-off versus Maxim Lapierre in Coyotes zone.
7:36 of 3rd period - Wrist shot by Ladislav Nagy.
7:36 of 3rd period - Stopped by Peter Budaj without a rebound.
7:37 of 3rd period - Patrick Eaves wins face-off versus Tim Connolly in Coyotes zone.
8:09 of 3rd period - Snap shot by Jonas Hoglund.
8:09 of 3rd period - Shot Misses the Net.
8:11 of 3rd period - Wrist shot by Guillaume Latendresse.
8:11 of 3rd period - Shot Misses the Net.
8:21 of 3rd period - Slapshot by Denis Grebeshkov.
8:21 of 3rd period - Shot Blocked by Andrei Markov.
8:46 of 3rd period - Wrist shot by Drew Miller.
8:46 of 3rd period - Shot Blocked by Patrick Eaves.
8:59 of 3rd period - Snap shot by Frans Nielsen.
8:59 of 3rd period - Stopped by Antti Niemi without a rebound.
9:00 of 3rd period - Tim Connolly wins face-off versus Stephen Weiss in Devils zone.
9:05 of 3rd period - Wrist shot by Marian Gaborik.
9:05 of 3rd period - Stopped by Antti Niemi with a rebound.
9:07 of 3rd period - Snap shot by Marian Gaborik.
9:07 of 3rd period - Goal by Marian Gaborik - Coyotes : 4 - Devils : 1.
9:07 of 3rd period - Dan Ellis enters game.
9:08 of 3rd period - Stephen Weiss wins face-off versus Tim Connolly in neutral zone.
9:11 of 3rd period - Slapshot by Guillaume Latendresse.
9:11 of 3rd period - Shot Misses the Net.
9:24 of 3rd period - Slapshot by Tim Connolly.
9:24 of 3rd period - Stopped by Dan Ellis without a rebound.
9:25 of 3rd period - Saku Koivu wins face-off versus Frans Nielsen in Devils zone.
9:25 of 3rd period - Saku Koivu is hit by Frans Nielsen.
9:31 of 3rd period - Wrist shot by Frans Nielsen.
9:31 of 3rd period - Stopped by Dan Ellis without a rebound.
9:32 of 3rd period - Saku Koivu wins face-off versus Frans Nielsen in Devils zone.
9:40 of 3rd period - Minor Penalty to Chad Larose for Roughing.
9:41 of 3rd period - Phil Kessel wins face-off versus Marian Gaborik in Coyotes zone.
9:49 of 3rd period - Kurt Sauer is hit by Phil Kessel and loses puck.
11:40 of 3rd period - Penalty to Chad Larose is over, Chad Larose is back on ice.
11:55 of 3rd period - Wrist shot by Bill Guerin.
11:55 of 3rd period - Stopped by Dan Ellis without a rebound.
11:56 of 3rd period - Frans Nielsen wins face-off versus Jason Williams in Devils zone.
11:57 of 3rd period - Snap shot by Drew Miller.
11:57 of 3rd period - Shot Misses the Net.
12:32 of 3rd period - Slapshot by Stephen Weiss.
12:32 of 3rd period - Shot Misses the Net.
13:09 of 3rd period - Off-side.
13:10 of 3rd period - Tim Connolly wins face-off versus Jason Williams in neutral zone.
13:13 of 3rd period - Slapshot by Anton Stralman.
13:13 of 3rd period - Deflect By Jason Williams.
13:13 of 3rd period - Stopped by Dan Ellis without a rebound.
13:14 of 3rd period - Jason Williams wins face-off versus Tim Connolly in Devils zone.
13:14 of 3rd period - Jason Williams is hit by Brenden Morrow.
13:39 of 3rd period - Jason Williams is hit by Kurt Sauer and loses puck.
13:53 of 3rd period - Minor Penalty to Bill Guerin for Hooking.
13:54 of 3rd period - Stephen Weiss wins face-off versus Marian Gaborik in Coyotes zone.
14:24 of 3rd period - Frans Nielsen is hit by Tomas Holmstrom and loses puck.
15:53 of 3rd period - Penalty to Bill Guerin is over, Bill Guerin is back on ice.
16:28 of 3rd period - Icing by Anton Stralman.
16:29 of 3rd period - Frans Nielsen wins face-off versus Stephen Weiss in Coyotes zone.
17:10 of 3rd period - Snap shot by Patrick Eaves.
17:10 of 3rd period - Shot Misses the Net.
18:03 of 3rd period - Andrei Markov is hit by Denis Grebeshkov.
18:48 of 3rd period - Wrist shot by Frans Nielsen.
18:48 of 3rd period - Stopped by Dan Ellis with a rebound.
18:54 of 3rd period - Snap shot by Patrick Eaves.
18:54 of 3rd period - Shot Misses the Net.
19:20 of 3rd period - Stephen Weiss is hit by Riley Cote and loses puck.
Goals for this period are 1 for Coyotes vs 0 for Devils.
Shots for this period are 12 for Coyotes vs 4 for Devils.
Output by the SimonT Hockey Simulator (STHS) for François Prévost -- Original Page W3C XHTML 1.0 Valid